 Dungeon Crawl Stone Soup version 0.28.0-1-gb440e238dd (webtiles) character file.

Game seed: 14873344958790553645

137 Kaptain the Digger (level 5, 0/43 HPs)
             Began as a Gargoyle Earth Elementalist on Feb 22, 2022.
             Slain by an orc (6 damage)
             ... on level 3 of the Dungeon.
             The game lasted 00:06:28 (2318 turns).

Kaptain the Digger (Gargoyle Earth Elementalist)    Turns: 2318, Time: 00:06:29

Health: 0/43       AC: 22    Str: 11 (12) XL:     5   Next: 20%
Magic:  0/9        EV:  2    Int: 16 (17) God:
Gold:   52         SH:  0    Dex:  9 (10) Spells: 5/9 levels left

rFire   . . .      SeeInvis .   m - +0 war axe
rCold   + . .      Faith    .   (no shield)
rNeg    + . .      Spirit   .   (armour currently unavailable)
rPois   ∞          Reflect  .   (helmet currently unavailable)
rElec   .          Harm     .   (cloak currently unavailable)
rCorr   .          Rampage  .   (gloves currently unavailable)
Will    .....      NoTele   +   (boots currently unavailable)
Stlth   ++........              (no amulet)
HPRegen 0.14/turn               e - ring of protection from cold
MPRegen 0.11/turn               (no ring)

@: tree-form
A: stationary, stasis, torment immunity, boosted hp, sickness immunity, AC +4,
negative energy resistance 1, (electricity resistance), torment resistance 1,
petrification resistance
a: no special abilities


You were on level 3 of the Dungeon.
You were a tree.
You visited 1 branch of the dungeon, and saw 4 of its levels.

You collected 52 gold pieces.

Inventory:

Hand Weapons
 a - a +0 dagger
 m - a +0 war axe (weapon)
Missiles
 c - a stone
Armour
 b - a +0 robe (melded)
 f - a +0 helmet (melded)
Jewellery
 e - a ring of protection from cold (left branch)
Scrolls
 g - a scroll of identify {unknown}
 h - a scroll of teleportation {unknown}
 i - 2 scrolls of fear {unknown}
 l - a scroll of enchant weapon {unknown}


   Skills:
 + Level 1.4 Fighting
 + Level 1.2 Armour
 + Level 1.9 Dodging
 + Level 2.9 Stealth
 * Level 2.8 Spellcasting
 * Level 1.7 Conjurations
 - Level 0.7 Transmutations
 * Level 4.5 Earth Magic


You had 5 spell levels left.
You knew the following spells:

 Your Spells              Type           Power      Damage    Failure   Level
a - Sandblast             Erth           32%        2d9       3%          1
b - Stone Arrow           Conj/Erth      24%        3d8       16%         3

Your spell library contained the following spells:

 Spells                   Type           Power      Damage    Failure   Level
 Passwall                 Tmut/Erth      8%         N/A       10%         2
 Petrify                  Tmut/Erth      10%        N/A       54%         4


Dungeon Overview and Level Annotations

Branches:
Dungeon (4/15)
 Temple: D:4-7

Altars:

Shops:
D:4 *


Innate Abilities, Weirdness & Mutations

You are a tree.
Your roots penetrate the ground, keeping you stationary.
You cannot be teleported.
You are immune to unholy pain and torment.
Your maximum health is greatly increased.
Your equipment is partially melded.
You are immune to sickness and miasma.
((Your stone body is resilient. (AC +4)))
You are immune to poison.
You resist negative energy. (rN+)
((You are resistant to electric shocks. (rElec)))
You are resistant to unholy torment.
You are immune to petrification.


Message History

You closely miss the orc.
The orc is lightly wounded.
The orc hits you but does no damage. x2
You slash the orc!
You kill the orc!
The orc priest hits you with a +0 dagger.
* * * LOW HITPOINT WARNING * * *
Casting: Sandblast (safe; 3% risk of failure)
Confirm with . or Enter, or press ? or * to list all spells.
Aiming: Sandblast (safe; 3% risk of failure)
Press: ? - help, Shift-Dir - straight line, f/p - orc priest
Aim: an orc priest, wielding a +0 dagger and wearing a +0 ring mail (moderately wounded, 82% to hit)
The blast of sand hits the orc priest.
The orc priest is heavily wounded.
The orc priest hits you but does no damage.
You closely miss the orc priest.
The orc priest is heavily wounded.
The orc priest hits you but does no damage.
You barely miss the orc priest.
The orc priest is heavily wounded.
The orc priest hits you but does no damage. x2
You hit the orc priest.
The orc priest is almost dead.
The orc priest hits you but does no damage.
You slash the orc priest!
You kill the orc priest!
You feel your dexterity returning.
You have reached level 5!
Casting: Sandblast (safe; 3% risk of failure)
Confirm with . or Enter, or press ? or * to list all spells.
Aiming: Sandblast (safe; 3% risk of failure)
Press: ? - help, Shift-Dir - straight line, f - orc
Aim: an orc, wielding a +0 flail and wearing a +0 chain mail (85% to hit)
The blast of sand hits the orc but does no damage.
The orc hits you but does no damage.
Unknown command.
You hit the orc.
The orc is moderately wounded.
The orc hits you with a +0 flail.
You die...

#...# #...# ##.o.# #....#
#....# #....# #.####
#.##.#########
#########.o♣.........#
#.......#.##.##.####.######
#.#####......##.# #.[.....#
#.# #.).......# #..####.#
#.# #.........# #....##.#
####.#####......#.##
#.##.##.#
#......<##..##..#.#
#.##>##.#
#.##.##.##........#
#.......#
#.##.##.##........#
##.....##


You could see an orc.

Vanquished Creatures
  An orc priest (D:3)
  Natasha (D:2)
  2 adders (D:2)
  A worm (D:2)
  6 dart slugs
  An orc (D:3)
  4 endoplasms
  A giant cockroach (D:1)
  5 goblins
  5 hobgoblins
  3 jackals (D:1)
  A quokka (D:1)
  4 ball pythons
  2 bats
  5 frilled lizards
  3 kobolds
  5 rats
50 creatures vanquished.

Notes
Turn   | Place    | Note
-------+----------+-------------------------------------------
     0 | D:1      | Kaptain the Gargoyle Earth Elementalist began the quest for
                  | the Orb.
     0 | D:1      | Reached XP level 1. HP: 10/10 MP: 3/3
   291 | D:1      | Reached XP level 2. HP: 10/16 MP: 3/5
   504 | D:1      | Found a faded altar of an unknown god.
   623 | D:1      | Reached skill level 4 in Earth Magic
   928 | D:1      | Reached XP level 3. HP: 20/20 MP: 3/6
   932 | D:1      | Learned a level 3 spell: Stone Arrow
  1448 | D:2      | Reached skill level 1 in Fighting
  1657 | D:2      | Reached skill level 1 in Conjurations
  1711 | D:2      | Reached XP level 4. HP: 25/25 MP: 4/7
  1805 | D:2      | Noticed Natasha
  1816 | D:2      | Reached skill level 1 in Armour
  1816 | D:2      | Killed Natasha
  1990 | D:2      | You fall into a shaft and drop 2 floors!
  2017 | D:4      | Found Quisoh's Assorted Antiques.
  2305 | D:3      | HP: 1/25 [orc (1)]
  2317 | D:3      | Reached XP level 5. HP: 6/29 MP: 1/9
  2318 | D:3      | Slain by an orc

Illustrated notes

Levels and vault maps discovered:
D:1:      dpeg_arrival_water_fire, layout_loops_ring,
          ebering_ecumenical_altar_webs, minmay_pentomino_r2
D:2:      minmay_inner_zag, layout_loops_cross, basic_altar, uniq_natasha
D:3:      layout_loops_cross, kennysheep_cluttered_room, uniq_crazy_yiuf_cottage
D:4:      layout_loops_ring, old_standard_altar, nicolae_overflow_hidden_temple,
          lightli_temple_of_fire, serial_shops, kennysheep_little_box,
          uniq_duvessa

Skill      XL: |  1  2  3  4 |
---------------+-------------+-----
Earth Magic    | 4 |  4.5
Fighting       | 1 |  1.4
Conjurations   | 1 |  1.7
Armour         | 1 |  1.2
Dodging        | |  1.9
Stealth        | |  2.9
Spellcasting   | |  2.8
Transmutations | |  0.7

Action                   |  1- 3 |  4- 6 || total
-------------------------+-------+-------++-------
Melee: Unarmed           |    11 |       ||    11
       Dagger            |    12 |       ||    12
       War axe           |       |    26 ||    26
 Cast: Sandblast         |    57 |    20 ||    77
  Use: Potion            |       |     3 ||     3
 Stab: Sleeping          |       |     2 ||     2
Armor: Robe              |    17 |     7 ||    24
       Skin              |       |     8 ||     8
Dodge: Dodged            |    19 |    20 ||    39
